 Dungeon Crawl Stone Soup version 0.24-a0-22-g2a401c0 (webtiles) character file.

Game seed: 7397764102013721791

1285 Krampus the Magician (level 8, -4/43 HPs)
             Began as a Deep Elf Wizard on Feb 1, 2019.
             Was a Follower of Vehumet.
             Slain by an orc warrior
             ... wielding a +0 trident
              (16 damage)
             ... on level 9 of the Dungeon.
             The game lasted 00:23:55 (8141 turns).

Krampus the Magician (Deep Elf Wizard)              Turns: 8141, Time: 00:23:56

Health: -4/43      AC:  7    Str:  6    XL:     8   Next: 29%
Magic:  9/20       EV: 12    Int: 24    God:    Vehumet [*.....]
Gold:   209        SH:  4    Dex: 13    Spells: 13/21 levels left

rFire    . . .     SeeInvis .   g - +0 dagger
rCold    . . .     Gourm    .   o - +0 buckler
rNeg     . . .     Faith    .   r - +0 leather armour
rPois    .         Spirit   .   b - +0 hat
rElec    .         Reflect  .   G - +2 cloak {MR+}
rCorr    .         Harm     .   A - +0 pair of gloves
MR       +....                  (no boots)
Stlth    ++........             t - amulet of regeneration
HPRegen  0.54/turn              (no ring)
MPRegen  0.17/turn              (no ring)

@: no status effects
A: no striking features
a: Renounce Religion


You were on level 9 of the Dungeon.
You worshipped Vehumet.
Vehumet was aware of your devotion.
You were hungry.

You visited 1 branch of the dungeon, and saw 8 of its levels.

You collected 209 gold pieces.

Inventory:

Hand Weapons
 g - a +0 dagger (weapon)
 i - a +0 mace
 s - a +0 spear
 x - a +0 scythe of freezing
Missiles
 e - 103 arrows
 h - 208 stones (quivered)
Armour
 a - a +0 robe
 b - a +0 hat (worn)
 k - a +0 ring mail
 o - a +0 buckler (worn)
 r - a +0 leather armour (worn)
 A - a +0 pair of gloves (worn)
 G - a +2 cloak of magic resistance (worn)
Jewellery
 t - an amulet of regeneration (around neck)
Wands
 y - a wand of enslavement (11)
 D - a wand of flame (20)
Scrolls
 c - 6 scrolls of teleportation {unknown}
 f - 2 scrolls of identify {unknown}
 l - a scroll of amnesia {unknown}
 m - 2 scrolls of enchant armour {unknown}
 p - a scroll of magic mapping {unknown}
 u - a scroll of noise {unknown}
 v - 2 scrolls of remove curse {unknown}
 B - a scroll of enchant weapon {unknown}
 C - a scroll of blinking {unknown}
 I - a scroll of fog {unknown}
Potions
 j - 2 potions of might {unknown}
 n - a potion of brilliance {unknown}
 q - 2 potions of mutation {unknown}
 w - 5 potions of curing {unknown}
 z - 2 potions of heal wounds {unknown}
 E - a potion of lignification {unknown}
 F - a potion of berserk rage {unknown}
 H - a potion of haste {unknown}
Comestibles
 d - 5 rations
 J - 2 chunks of flesh


   Skills:
 + Level 1.4 Fighting
 * Level 3.4 Armour
 - Level 2.6 Dodging
 - Level 2.6 Stealth
 * Level 3.0 Shields
 - Level 7.2 Spellcasting
 + Level 4.9 Conjurations
 + Level 4.2 Summonings
 + Level 1.1 Translocations
 * Level 1.9 Fire Magic


You had 13 spell levels left.
You knew the following spells:

 Your Spells              Type           Power        Failure   Level  Hunger
a - Magic Dart            Conj           ####         1%          1    None
b - Blink                 Tloc           N/A          12%         2    None
c - Call Imp              Summ           ####....     3%          2    None
d - Conjure Flame         Conj/Fire      ####....     9%          3    None

Your spell library contained the following spells:

 Spells                   Type           Power        Failure   Level  Hunger
 Shock                    Conj/Air       ###.         4%          1    None
 Slow                     Hex            #.......     19%         2    None
 Mephitic Cloud           Conj/Pois/Air  ###.....     19%         3    None


Dungeon Overview and Level Annotations

Branches:
Dungeon (7/15)             Temple (0/1) D:4             Orc (0/2) D:9

Altars:
Hepliaklqana
Makhleb
Qazlal
Ru
Vehumet
Wu Jian
Xom
The Shining One

Annotations:
D:3 exclusion: downstairs, Blork the orc
D:5 exclusion: 2 downstairs
D:7 exclusion: hungry ghost


Message History

Confirm with . or Enter, or press ? or * to list all spells.
Aiming: Magic Dart (safe; 1% risk of failure)
Press: ? - help, Shift-Dir - straight line, f/p - orc warrior
Aim: an orc warrior, wielding a +0 trident and wearing a +0 chain mail (heavily wounded)
The magic dart hits the orc warrior but does no damage.
The orc warrior is heavily wounded.
Your crimson imp hits the orc warrior but does no damage.
The orc warrior hits you from afar with a +0 trident!
* * * LOW HITPOINT WARNING * * *
Your crimson imp hits the orc warrior.
Casting: Magic Dart (safe; 1% risk of failure)
Confirm with . or Enter, or press ? or * to list all spells.
Aiming: Magic Dart (safe; 1% risk of failure)
Press: ? - help, Shift-Dir - straight line, f/p - orc warrior
Aim: an orc warrior, wielding a +0 trident and wearing a +0 chain mail (heavily wounded)
The magic dart hits the orc warrior.
The orc warrior is heavily wounded.
Your crimson imp blinks!
The orc warrior hits you from afar with a +0 trident!
You die...

###########
#.8.8.8.8.#
#8_..@.._8#
#.....5...#
#.#
#....o....#
#.#
#8...ยง...8#
#.#
#...._.._.#
#.#
#8.......8#
#.#
####...####
#.######
#...#
#.#....#
#...#


You could see an orc warrior and a friendly crimson imp.

Vanquished Creatures
  Pikel (D:5)
  2 bullfrogs (D:7)
  A wyvern skeleton (D:9)
  A scorpion (D:4)
  3 wights
  A centaur skeleton (D:7)
  2 jellies
  3 orc wizards
  An iguana (D:5)
  A hound skeleton (D:5)
  4 gnolls
  6 adders
  A howler monkey skeleton (D:9)
  An ooze (D:4)
  A worm (D:4)
  2 dart slugs (D:1)
  11 leopard geckos
  11 orcs
  A giant cockroach (D:2)
  3 goblins
  6 hobgoblins
  10 jackals
  2 quokkas
  2 ball pythons
  6 bats
  8 frilled lizards
  8 kobolds
  7 rats
106 creatures vanquished.

Vanquished Creatures (collateral kills)
  Sigmund (D:3)
  A hungry ghost (D:9)
  A centaur (D:7)
  A bullfrog (D:5)
  A wight (D:6)
  2 orc priests (D:5)
  2 orc wizards (D:5)
  A worker ant (D:9)
  3 orcs
13 creatures vanquished.

Vanquished Creatures (others)
  An ice beast (D:6)
  4 slaves (D:6)
  A scorpion (D:6)
  A wight (D:6)
  2 orc wizards (D:6)
  2 orcs (D:6)
11 creatures vanquished.

Grand Total: 130 creatures vanquished

Notes
Turn   | Place    | Note
-------+----------+-------------------------------------------
     0 | D:1      | Krampus the Deep Elf Wizard began the quest for the Orb.
     0 | D:1      | Reached XP level 1. HP: 10/10 MP: 7/7
   212 | D:1      | Reached skill level 5 in Spellcasting
   228 | D:1      | Reached XP level 2. HP: 15/15 MP: 2/10
   547 | D:1      | Reached XP level 3. HP: 14/19 MP: 3/12
   952 | D:1      | Learned a level 2 spell: Blink
   955 | D:1      | Learned a level 2 spell: Call Imp
  1504 | D:2      | Found a stormy altar of Qazlal.
  1519 | D:2      | Reached skill level 6 in Spellcasting
  1879 | D:2      | Reached XP level 4. HP: 16/24 MP: 0/14
  2041 | D:2      | Found a radiant altar of Vehumet.
  2171 | D:2      | Found a burning altar of Makhleb.
  2788 | D:3      | Noticed Sigmund
  2803 | D:3      | Killed Sigmund
  2803 | D:3      | Reached skill level 1 in Armour
  2803 | D:3      | Reached skill level 1 in Shields
  2803 | D:3      | Reached XP level 5. HP: 28/28 MP: 3/16
  3024 | D:3      | Noticed Blork the orc
  3533 | D:3      | Found a stormy altar of Qazlal.
  3749 | D:3      | Reached skill level 7 in Spellcasting
  3860 | D:3      | Found a faded altar of an unknown god.
  4177 | D:2      | Became a worshipper of Vehumet
  4366 | D:4      | Reached XP level 6. HP: 32/32 MP: 9/18
  4650 | D:4      | Found a staircase to the Ecumenical Temple.
  4682 | D:4      | Found a glowing golden altar of the Shining One.
  4703 | D:4      | You fall through a shaft for 2 floors!
  4704 | D:6      | Noticed a sky beast
  5007 | D:7      | Noticed a hungry ghost
  5559 | D:6      | Noticed Pikel
  5559 | D:6      | Noticed a slave
  5560 | D:6      | Noticed a slave
  5573 | D:5      | Entered Level 5 of the Dungeon
  5578 | D:5      | Found a sacrificial altar of Ru.
  5580 | D:5      | Reached XP level 7. HP: 7/37 MP: 9/19
  5858 | D:5      | Learned a level 3 spell: Conjure Flame
  6154 | D:4      | Reached skill level 1 in Fighting
  6994 | D:5      | Killed Pikel
  6994 | D:5      | Reached skill level 1 in Fire Magic
  7285 | D:5      | Reached XP level 8. HP: 43/43 MP: 16/20
  7360 | D:6      | Reached * piety under Vehumet
  7360 | D:6      | Offered knowledge of Shock by Vehumet.
  7703 | D:6      | You fall through a shaft for 3 floors!
  8041 | D:9      | Found a staircase to the Orcish Mines.
  8116 | D:9      | Found a shimmering altar of Xom.
  8118 | D:9      | Found a hazy altar of Hepliaklqana.
  8118 | D:9      | Found an iron altar of Okawaru.
  8123 | D:9      | Found a shattered altar of Ashenzari.
  8123 | D:9      | Found an ornate altar of the Wu Jian Council.
  8123 | D:9      | Found a sacrificial altar of Ru.
  8141 | D:9      | Slain by an orc warrior

Vault maps used:
D:1:      minmay_arrival_split_and_join, chequers_serial_rivers_micro_c,
          due_unseen_surprise
D:2:      lemuel_crystal_altar, lemuel_doored_altar, first_ration,
          nicolae_qazlal_general_emergency
D:3:      marbit_many_paths, tgw_sif, chequers_ecumenical_altar_simple,
          uniq_sigmund
D:4:      temple_doors_e, serial_curves, eino_curves_03, eino_curves_04,
          tso_metal_star
D:5:      nicolae_ru_awakened_eye, minmay_lizard_king
D:6:      zin_statuary, kennysheep_little_box, minmay_misc_feat_ornament,
          hangedman_decor_peaks_small, minmay_microvault, uniq_pikel
D:7:      serial_shops, shop
D:9:      cheibrodos_worm_habitat, david_orc_3, doesnt_xom_only_xom

Skill      XL: |  1  2  3  4  5  6  7  8 |
---------------+-------------------------+-----
Spellcasting   | 5 6 7 |  7.2
Conjurations   | 2 3 4 |  4.9
Armour         | 1 2 3 |  3.4
Shields        | 1 2 3 |  3.0
Summonings     | 2 3 4 |  4.2
Fighting       | 1 |  1.4
Fire Magic     | 1 |  1.9
Dodging        | |  2.6
Stealth        | |  2.6
Translocations | |  1.1

Action                   |  1- 3 |  4- 6 |  7- 9 || total
-------------------------+-------+-------+-------++-------
Melee: Dagger            |     1 |     1 |     8 ||    10
 Cast: Magic Dart        |    93 |   145 |   103 ||   341
       Call Imp          |       |    19 |    43 ||    62
       Blink             |       |       |     1 ||     1
       Conjure Flame     |       |       |     3 ||     3
 Stab: Sleeping          |       |     1 |       ||     1
  Eat: Chunk             |     2 |    10 |     4 ||    16
       Ration            |       |     1 |     1 ||     2
Armor: Robe              |     7 |       |       ||     7
       Leather armour    |       |    12 |    17 ||    29
Dodge: Dodged            |    11 |    47 |    27 ||    85
Block: Buckler           |     2 |     8 |     7 ||    17

Table legend:
 A = Non-vault XP
 B = Vault XP
 C = Vault XP percentage of total XP
 D = Non-vault monster count
 E = Vault monster count
 F = Vault count percentage of total count
                 A         B        C        D         E       F
            +---------+---------+-------+---------+---------+-------
      Total |    1291 |     545 |  29.7 |     110 |       9 |   7.6
            +---------+---------+-------+---------+---------+-------
        D:1 |      67 |       0 |   0.0 |      31 |       0 |   0.0
        D:2 |      93 |       0 |   0.0 |      16 |       0 |   0.0
        D:3 |      88 |     109 |  55.3 |      21 |       2 |   8.7
        D:4 |      94 |       0 |   0.0 |      10 |       0 |   0.0
        D:5 |     277 |     436 |  61.2 |      13 |       7 |  35.0
        D:6 |     152 |       0 |   0.0 |       7 |       0 |   0.0
        D:7 |     284 |       0 |   0.0 |       5 |       0 |   0.0
        D:9 |     236 |       0 |   0.0 |       7 |       0 |   0.0
            +---------+---------+-------+---------+---------+-------
